 Dungeon Sprint DCSS version 0.27-a0-277-g024f7ef292 (webtiles) character file.

Game seed: 3591123306553714947

380 mhtbhm the Protected (level 6, -13/93 HPs)
             Began as a Minotaur Fighter on Feb 7, 2021.
             Was an Elder of Trog.
             Mangled by a freezing wraith (18 damage)
             ... in the Dungeon (Sprint VII: "The Pits").
             The game lasted 00:00:44 (402 turns).

mhtbhm the Protected (Minotaur Fighter)              Turns: 402, Time: 00:00:46

Health: -13/93     AC: 10    Str: 22    XL:     6   Next: 46%
Magic:  5/5        EV: 10    Int:  5    God:    Trog [****..]
Gold:   0          SH: 11    Dex: 10    Spells: 5/5 levels left

rFire    . . .     SeeInvis .   a - +1 hand axe (freeze)
rCold    . . .     Faith    .   c - +0 kite shield
rNeg     . . .     Spirit   .   b - +3 ring mail
rPois    .         Reflect  .   (helmet restricted)
rElec    .         Harm     .   (no cloak)
rCorr    .         Rampage  .   (no gloves)
Will     .....     NoTele   +   (no boots)
Stlth    ..........             (no amulet)
HPRegen  0.25/turn              (no ring)
MPRegen  0.09/turn              (no ring)

@: berserking, slowed
A: retaliatory headbutt, horns 2
a: Renounce Religion, Berserk, Trog's Hand, Brothers in Arms


You were in the Dungeon.
You worshipped Trog.
Trog was greatly pleased with you.
You visited 1 branch

Inventory:

Hand Weapons
 a - a +1 hand axe of freezing (weapon)
Armour
 b - a +3 ring mail (worn)
 c - a +0 kite shield (worn)
Scrolls
 j - a scroll of blinking
 l - 3 scrolls of remove curse
 m - a scroll of summoning
Potions
 d - a potion of might
 e - 6 potions of curing
 f - 6 potions of heal wounds
 g - a potion of haste
 h - 4 potions of magic
 i - 3 potions of berserk rage
 k - 2 potions of invisibility


   Skills:
 + Level 8.8 Fighting
 + Level 7.4 Axes
 + Level 9.9 Armour
 + Level 1.0 Dodging
 + Level 9.5 Shields


You had 5 spell levels left.
You didn't know any spells.
Your spell library was empty.

Dungeon Overview and Level Annotations

Branches:
Dungeon (1/1)

Altars:
Cheibriados
Dithmenos
Elyvilon
Fedhas
Gozag
Hepliaklqana
Makhleb
Nemelex Xobeh
Okawaru
Qazlal
Ru
Sif Muna
Trog
Vehumet
Wu Jian
Xom
Yredelemnul
Zin
The Shining One
Beogh
Jiyva
Lugonu


Innate Abilities, Weirdness & Mutations

You reflexively headbutt those who attack you in melee.
You have a pair of horns on your head.


Message History

The freezing wraith closely misses you. The freezing wraith hits you!
The freezing wraith drains your vigour!
You feel yourself slow down.
You hit the freezing wraith.
Your headbutt misses the freezing wraith.
The freezing wraith is lightly damaged.
The freezing wraith hits you but does no damage.
The freezing wraith hits you.
* * * LOW HITPOINT WARNING * * *
The freezing wraith hits you.
* * * LOW HITPOINT WARNING * * *
The freezing wraith freezes you!
* * * LOW HITPOINT WARNING * * *
The freezing wraith hits you but does no damage.
You hit the freezing wraith but do no damage.
You headbutt the freezing wraith!
The freezing wraith is moderately damaged.
The freezing wraith hits you.
* * * LOW HITPOINT WARNING * * *
The freezing wraith freezes you!!
You die...

#.#........##.......#
#'###########.......#
#.......# #########
#..#.#..# #.##.##.#
#††.....#+#
#.##.##.#.+
#..#.#..#W#
#.......'@#
###########


You could see a freezing wraith.

Vanquished Creatures
  A fire bat (D)
  A necrophage (D)
  A scorpion (D)
  A jelly (D)
  An iguana (D)
  A worker ant (D)
  An ooze (D)
  3 leopard geckos (D)
  3 ball pythons (D)
  3 jackals (D)
  A bat (D)
  A frilled lizard (D)
18 creatures vanquished.

Notes
Turn   | Place    | Note
-------+----------+-------------------------------------------
     0 | D        | mhtbhm the Minotaur Fighter began the quest for the Orb.
     0 | D        | Reached XP level 1. HP: 19/19 MP: 0/0
    19 | D        | Found a bloodstained altar of Trog.
    19 | D        | Found a shimmering blue altar of Sif Muna.
    19 | D        | Found a viscous altar of Jiyva.
    19 | D        | Found a hazy altar of Hepliaklqana.
    19 | D        | Found an opulent altar of Gozag.
    20 | D        | Found a glowing golden altar of the Shining One.
    20 | D        | Found a glowing silver altar of Zin.
    20 | D        | Found a basalt altar of Yredelemnul.
    20 | D        | Found a shimmering altar of Xom.
    20 | D        | Found an ornate altar of the Wu Jian Council.
    20 | D        | Found a sacrificial altar of Ru.
    20 | D        | Found a stormy altar of Qazlal.
    20 | D        | Found an iron altar of Okawaru.
    20 | D        | Found a sparkling altar of Nemelex Xobeh.
    20 | D        | Found a burning altar of Makhleb.
    20 | D        | Found a blossoming altar of Fedhas.
    20 | D        | Found a white marble altar of Elyvilon.
    20 | D        | Found a shadowy altar of Dithmenos.
    20 | D        | Found a snail-covered altar of Cheibriados.
    22 | D        | Found a radiant altar of Vehumet.
    22 | D        | Found a corrupted altar of Lugonu.
    22 | D        | Found a roughly hewn altar of Beogh.
    24 | D        | Became a worshipper of Trog the Wrathful
    60 | D        | Noticed a worker ant
    64 | D        | Killed a worker ant
    65 | D        | Reached skill level 5 in Fighting
    65 | D        | Reached skill level 5 in Armour
    65 | D        | Reached skill level 5 in Shields
    65 | D        | Reached XP level 2. HP: 16/29 MP: 1/1
   176 | D        | Reached * piety under Trog
   177 | D        | Reached XP level 3. HP: 31/36 MP: 2/2
   222 | D        | Reached ** piety under Trog
   232 | D        | Reached *** piety under Trog
   334 | D        | Noticed a fire bat
   334 | D        | Noticed a necrophage
   341 | D        | Killed a fire bat
   342 | D        | Reached skill level 5 in Axes
   342 | D        | Reached XP level 4. HP: 47/47 MP: 3/3
   342 | D        | Reached XP level 5. HP: 52/52 MP: 4/4
   343 | D        | Killed a necrophage
   344 | D        | Reached XP level 6. HP: 61/61 MP: 5/5
   345 | D        | Reached **** piety under Trog
   355 | D        | Reached skill level 1 in Dodging
   398 | D        | Noticed a freezing wraith
   402 | D        | Mangled by a freezing wraith

Illustrated notes

Levels and vault maps discovered:
D:        pitsprint [storerooms_1, entrance_room_1, metal_vault_1, armoury_3,
          mini_pit_1, grid_room_1, main_hall_1, silver_pit, the_coven_1,
          the_vestibule_1, steel_vault_1, golden_pit, hallway_of_sentries,
          crystal_vault_2, iron_vault_1, final_vault]

Skill      XL: |  1  2  3  4  5  6 |
---------------+-------------------+-----
Fighting       | 5 7 8 |  8.8
Axes           | 3 5 6 7 |  7.4
Armour         | 5 8 9 |  9.9
Shields        | 5 7 8 9 |  9.5
Dodging        | 1 |  1.0

Action                   |  1- 3 |  4- 6 || total
-------------------------+-------+-------++-------
Melee: Hand axe          |    25 |    17 ||    42
       War axe           |     3 |       ||     3
       Headbutt          |     3 |     3 ||     6
Invok: Berserk           |     1 |     1 ||     2
Armor: Scale mail        |    15 |       ||    15
       Ring mail         |     1 |     4 ||     5
Dodge: Dodged            |     6 |     7 ||    13
Block: Kite shield       |    22 |     5 ||    27

Table legend: (Time is in decaauts)
 A = Elapsed time spent in this place.
 B = Non-inter-level travel time spent in this place.
 C = Inter-level travel time spent in this place.
 D = Time resting spent in this place.
 E = Time spent auto-exploring this place.
 F = Levels seen in this place.
 G = Mean time per level.
                   A        B        C        D        E       F      G
               +--------+--------+--------+--------+--------+-----+--------+
         Total |    422 |    422 |      0 |    181 |     69 |   1 |  422.0 |
       Dungeon |    422 |    422 |      0 |    181 |     69 |   1 |  422.0 |
               +--------+--------+--------+--------+--------+-----+--------+

Top non-repeatable levels by time:
       D: 422 daAuts
